 Dungeon Crawl Stone Soup version 0.30-a0-458-g86641cc369 (webtiles) character file.

Game seed: 13835458951586960724

50 dixiedixie the Vexing (level 3, -12/14 HPs)
             Began as a Felid Enchanter on Dec 14, 2022.
             Mangled by an ogre
             ... wielding a +0 giant club
              (26 damage)
             ... on level 3 of the Dungeon.
             The game lasted 00:19:10 (2010 turns).

dixiedixie the Vexing (Felid Enchanter)             Turns: 2010, Time: 00:19:10

Health: -12/14     AC:  1    Str:  4    XL:     3   Next: 55%
Magic:  5/7        EV: 17    Int: 18    God:
Gold:   78         SH:  0    Dex: 16    Spells: 0/6 levels left
                                        Lives:  0   Deaths: 1

rFire   . . .      SeeInvis +      - Unarmed
rCold   . . .      Faith    .    (shield unavailable)
rNeg    . . .      Spirit   .    (body armour unavailable)
rPois   .          Reflect  .    (helmet unavailable)
rElec   .          Harm     .    (cloak unavailable)
rCorr   .          Rampage  .    (gloves unavailable)
Will    .....                    (boots unavailable)
Stlth   +++.......               (no amulet)
HPRegen 0.22/turn                m - ring of wizardry
MPRegen 0.10/turn                (no ring)

@: invisible, quick
A: very small, claws 1, fangs 3, see invisible, speed 1, shaggy fur 1, stealthy
paws, no weapons or thrown items, no armour, multi-lived
a: no special abilities


You were on level 3 of the Dungeon.
You visited 1 branch of the dungeon, and saw 3 of its levels.

You collected 78 gold pieces.

Inventory:

Jewellery
 m - a ring of wizardry (left paw)
Scrolls
 d - a scroll of amnesia {unknown}
 e - 4 scrolls of magic mapping {unknown}
 g - a scroll of poison {unknown}
 i - a scroll of blinking {unknown}
 j - a scroll of immolation {unknown}
 k - a scroll of identify {unknown}
 l - a scroll of fear {unknown}
Potions
 c - a potion of lignification {unknown}
 f - a potion of might {unknown}
 h - a potion of flight {unknown}


   Skills:
 - Level 2.6 Dodging
 - Level 4.5 Stealth
 - Level 2.1 Unarmed Combat
 + Level 2.2 Spellcasting
 - Level 6.5 Hexes


You couldn't memorise any spells.
You knew the following spells:

 Your Spells              Type           Power      Damage    Failure   Level
a - Ensorcelled Hibernat  Hex/Ice        26%        N/A       2%          2
b - Confusing Touch       Hex            25%        N/A       1%          3
c - Slow                  Hex            100%       N/A       1%          1

Your spell library contained the following spells:

 Spells                   Type           Power      Damage    Failure   Level
 Tukima's Dance           Hex            25%        N/A       1%          3
 Dazzling Flash           Conj/Hex       26%        N/A       6%          3
 Vampiric Draining        Necr           1%         2d6       21%         3


Dungeon Overview and Level Annotations

Branches:
Dungeon (3/15)

Altars:

Shops:
D:1 ?=((

Annotations:
D:2 1 runed translucent door, Crazy Yiuf, Natasha, Sigmund
D:3 Grinder


Innate Abilities, Weirdness & Mutations

You have sharp claws.
You have razor-sharp teeth.
You have supernaturally acute eyesight. (SInv)
You cover ground quickly. (Speed+)
You are covered in fur. (AC +1)
Your paws help you pounce on unaware monsters.
You are incapable of wielding weapons or throwing items.
You cannot wear armour.
You gain extra lives every three experience levels.


Message History

Moving in this stuff is going to be slow.
An adder comes into view.
A black bear comes into view.
The adder hisses angrily.
The black bear growls angrily.
The bat completely misses you. The bat misses you. The bat hits you.
Found 15 gold pieces.
A ball python comes into view.
You pounce on the unaware helpless ball python!
You claw the ball python!
You kill the ball python!
Casting: Ensorcelled Hibernation (safe; 2% risk of failure)
Confirm with . or Enter, or press ? or * to list all spells.
Aiming: Ensorcelled Hibernation (safe; 2% risk of failure)
Press: ? - help, Shift-Dir - straight line, f - adder
Aim: an adder (chance to affect: 55%)
The adder resists with significant effort.
The adder bites you but does no damage.
Casting: Ensorcelled Hibernation (safe; 2% risk of failure)
Confirm with . or Enter, or press ? or * to list all spells.
Aiming: Ensorcelled Hibernation (safe; 2% risk of failure)
Press: ? - help, Shift-Dir - straight line, f/p - adder
Aim: an adder (chance to affect: 55%)
The adder resists with significant effort.
The adder closely misses you.
Casting: Ensorcelled Hibernation (safe; 2% risk of failure)
Confirm with . or Enter, or press ? or * to list all spells.
Aiming: Ensorcelled Hibernation (safe; 2% risk of failure)
Press: ? - help, Shift-Dir - straight line, f/p - adder
Aim: an adder (chance to affect: 55%)
The adder looks drowsy...
The helpless adder fails to defend itself.
You claw the adder!
You kill the adder!
You see here an adder corpse.
You start resting.
An ogre is nearby!
The ogre shouts!
You fade into invisibility!
The ogre hits you with a +0 giant club!!
Ouch! That really hurt!
You die...

#...# #...# #..$#
#...# ###...# #.....#
####### #####.....#
....... ##.O@......#
.?..... ##.###.#
##....####..##.......
##...#..# ##..####
##..#....(.. ....
..####†.##
#######.#.......
...##.##...†##
##...###.........
...#...O.####
##.....###.~.~.~.~
.......#
#.......#~~.~.~...
......#
#..####.b.........
.....### #..#
#≈≈≈.~.≈~~...


You could see an ogre (unable to see you).

Vanquished Creatures
  Natasha (D:2)
  3 adders
  2 dart slugs (D:1)
  4 ball pythons
  3 bats
  4 endoplasms
  A giant cockroach (D:3)
  A goblin (D:2)
  5 hobgoblins
  5 jackals (D:1)
  4 kobolds (D:3)
  2 quokkas
  3 frilled lizards (D:1)
  A rat (D:1)
39 creatures vanquished.

Notes
Turn   | Place    | Note
-------+----------+-------------------------------------------
     0 | D:1      | dixiedixie the Felid Enchanter began the quest for the Orb.
     0 | D:1      | Reached XP level 1. HP: 7/7 MP: 4/4
    43 | D:1      | Found Puitutz's Magic Scroll Shop.
   196 | D:1      | Reached XP level 2. HP: 11/11 MP: 6/6
   212 | D:1      | Learned a level 2 spell: Ensorcelled Hibernation
   477 | D:1      | Reached skill level 5 in Hexes
   568 | D:1      | Found Heakhun's Jewellery Shop.
   609 | D:1      | Found a faded altar of an unknown god.
   609 | D:1      | Found Akarair's Antique Weapon Shoppe.
   616 | D:1      | Found Afithreba's Weapon Boutique.
   780 | D:1      | Reached XP level 3. HP: 13/14 MP: 0/7
   784 | D:1      | Learned a level 3 spell: Confusing Touch
  1050 | D:2      | Noticed Natasha
  1054 | D:2      | Killed Natasha
  1055 | D:2      | Reached skill level 6 in Hexes
  1189 | D:2      | Noticed Sigmund
  1216 | D:2      | Reached XP level 4. HP: 18/18 MP: 1/8
  1365 | D:2      | Found a runed translucent door.
  1365 | D:2      | Noticed Natasha
  1366 | D:2      | Noticed Crazy Yiuf
  1859 | D:3      | Noticed an ogre
  1863 | D:3      | Mangled by an ogre
  1864 | D:3      | Reached XP level 3. HP: -9/14 MP: 5/7
  1929 | D:3      | Learned a level 1 spell: Slow
  1935 | D:3      | Noticed Grinder
  1949 | D:3      | Noticed a black bear
  2010 | D:3      | Mangled by an ogre

Illustrated notes

Levels and vault maps discovered:
D:1:      minmay_arrival_hallway, layout_basic, serial_shops, shop,
          nicolae_shop_bloodbath_and_beyond, nicolae_lakefront_shop,
          nicolae_square_shop, ebering_ecumenical_altar_sacrificial
D:2:      layout_loops_ring, uniq_natasha, uniq_sigmund, uniq_crazy_yiuf_cottage
D:3:      minmay_goblin_kobold_castle, layout_rooms, kennysheep_vampire_church,
          chequers_serial_rivers_small_3, grunt_ministairs_4, uniq_terence,
          uniq_robin, uniq_grinder

Skill      XL: |  1  2  3 |
---------------+----------+-----
Unarmed Combat | 2 |  2.1
Hexes          | 5 6 |  6.5
Dodging        | |  2.6
Stealth        | |  4.5
Spellcasting   | |  2.2

Action                   |  1- 3 |  4- 6 || total
-------------------------+-------+-------++-------
Melee: Unarmed           |    89 |    25 ||   114
       Punch             |     1 |       ||     1
       Bite              |     1 |     2 ||     3
 Cast: Ensorcelled Hiber |    21 |     5 ||    26
  Use: Potion            |     1 |     1 ||     2
       Scroll            |     1 |       ||     1
 Stab: Sleeping          |    21 |     6 ||    27
Armor: Skin              |     7 |     1 ||     8
Dodge: Dodged            |   109 |    20 ||   129

Table legend: (Time is in decaauts)
 A = Elapsed time spent in this place.
 B = Non-inter-level travel time spent in this place.
 C = Inter-level travel time spent in this place.
 D = Time resting spent in this place.
 E = Time spent auto-exploring this place.
 F = Levels seen in this place.
 G = Mean time per level.
                   A        B        C        D        E       F      G
               +--------+--------+--------+--------+--------+-----+--------+
         Total |   1735 |   1699 |     36 |    252 |    804 |   3 |  578.3 |
       Dungeon |   1735 |   1699 |     36 |    252 |    804 |   3 |  578.3 |
               +--------+--------+--------+--------+--------+-----+--------+

Top non-repeatable levels by time:
     D:1: 950 daAuts
     D:2: 445 daAuts
     D:3: 339 daAuts
